 Dungeon Crawl Stone Soup version 0.21.1-1-g345015f (webtiles) character file.

372 Fang the Chopper (level 6, 0/58 HPs)
             Began as a Gargoyle Berserker on June 13, 2018.
             Was a Believer of Trog.
             Slain by a slave (3 damage)
             ... led by Pikel
             ... on level 4 of the Dungeon.
             The game lasted 00:02:43 (4147 turns).

Fang the Chopper (Gargoyle Berserker)               Turns: 4147, Time: 00:02:43

Health: 0/58       AC:  8    Str: 27    XL:     6   Next: 71%
Magic:  6/6        EV: 12    Int: 11    God:    Trog [**....]
Gold:   220        SH:  0    Dex:  9    Spells: 5/5 levels left

rFire    . . .     SeeInvis .   a - +0 hand axe
rCold    . . .     Gourm    .   (no shield)
rNeg     + . .     Faith    .   b - +0 animal skin
rPois    ∞         Spirit   .   m - +2 hat
rElec    +         Reflect  .   (no cloak)
rCorr    .         Harm     .   (no gloves)
MR       +....                  (no boots)
Stlth    ..........             (no amulet)
HPRegen  0.19/turn              q - ring of protection from magic
MPRegen  0.10/turn              t - +3 ring of intelligence

@: berserking, very quick
A: negative energy resistance 1, electricity resistance, unbreathing,
petrification resistance, rot immunity, AC +4
a: Berserk, Trog's Hand, Burn Spellbooks, Renounce Religion


You were on level 4 of the Dungeon.
You worshipped Trog.
Trog was pleased with you.
You were very hungry.

You visited 1 branch of the dungeon, and saw 4 of its levels.

You collected 220 gold pieces.

Inventory:

Hand Weapons
 a - a +0 hand axe (weapon)
Armour
 b - a +0 animal skin (worn)
 m - a +2 hat (worn)
Jewellery
 q - a ring of protection from magic (left hand)
 t - a +3 ring of intelligence (right hand)
Scrolls
 d - 3 scrolls of identify {unknown}
 e - 2 scrolls of enchant armour {unknown}
 f - a scroll of teleportation {unknown}
 g - a scroll of fog {unknown}
 i - a scroll of blinking {unknown}
 j - a scroll of random uselessness {unknown}
 l - a scroll of amnesia {unknown}
 o - 2 scrolls of noise {unknown}
 p - 2 scrolls of remove curse {unknown}
 s - a scroll of enchant weapon {unknown}
Potions
 h - 2 potions of brilliance {unknown}
 k - a potion of resistance {unknown}
 n - a potion of haste {unknown}
 r - a potion of might {unknown}
Comestibles
 c - 7 rations


   Skills:
 + Level 4.5 Fighting
 + Level 5.1 Axes
 + Level 2.3 Armour
 + Level 3.0 Dodging
 + Level 1.1 Stealth


You had 5 spell levels left.
You didn't know any spells.

Dungeon Overview and Level Annotations

Branches:
Dungeon (4/15)             Temple (0/1) D:4

Altars:
Dithmenos

Annotations:
D:4 Pikel


Innate Abilities, Weirdness & Mutations

You are resistant to torment.
Your stone body is resilient. (AC +4)
You are immune to poison.
You resist negative energy. (rN+)
You are resistant to electric shocks. (rElec)
You can survive without breathing.
You are immune to petrification.
You are immune to rotting.


Message History

You closely miss the slave. You completely miss the slave. You slash the slave!
You hit the slave. You slash the quokka!
You kill the quokka!
Trog accepts your kill. The slave hits you. The slave closely misses you.
You slice Pikel!!
Pikel is severely wounded.
You completely miss the slave. You closely miss the slave.
You barely miss the slave. You closely miss the slave. The slave misses you.
The slave hits you.
* * * LOW HITPOINT WARNING * * *
Pikel hits you but does no damage. The slave hits you!
* * * LOW HITPOINT WARNING * * *
The slave hits you but does no damage.
You barely miss Pikel.
Pikel is severely wounded.
You hit the slave. x4; The slave closely misses you.
The slave hits you.
* * * LOW HITPOINT WARNING * * *
Pikel barely misses you. The slave hits you.
You die...

#...........##..
#.#
#...........#####
#.# #)..........#
#.# #...........#
#.# ##..........#
. #..........# ..
#..........##.###
#####..#.Kp......#
.....#.@p......+
#.......pp.......#
#?.^..............
#......>......####
#...............
#................
...$............
................


You could see Pikel and 4 slaves.

Vanquished Creatures
  An ogre (D:4)
  A howler monkey (D:3)
  A hound (D:4)
  A centaur skeleton (D:4)
  Jessica (D:2)
  7 gnolls (D:3)
  2 adders
  2 oozes (D:2)
  3 worms
  A dart slug (D:1)
  A leopard gecko (D:3)
  4 orcs
  A ball python (D:1)
  2 giant cockroaches
  3 goblins
  9 hobgoblins
  6 jackals
  2 quokkas
  8 bats
  2 frilled lizards (D:3)
  5 kobolds
  7 rats
70 creatures vanquished.

Notes
Turn   | Place    | Note
-------+----------+-------------------------------------------
     0 | D:1      | Fang the Gargoyle Berserker began the quest for the Orb.
     0 | D:1      | Reached XP level 1. HP: 14/14 MP: 1/1
   469 | D:1      | Reached XP level 2. HP: 19/19 MP: 2/2
   624 | D:1      | Reached skill level 3 in Axes
  1013 | D:2      | Found a faded altar of an unknown god.
  1119 | D:2      | Reached XP level 3. HP: 24/24 MP: 3/3
  1166 | D:2      | Noticed Jessica
  1176 | D:2      | Killed Jessica
  1232 | D:2      | Reached XP level 4. HP: 29/29 MP: 4/4
  1858 | D:3      | Reached ** piety under Trog
  2110 | D:3      | Reached skill level 4 in Axes
  2110 | D:3      | Reached XP level 5. HP: 31/33 MP: 5/5
  3124 | D:3      | Reached XP level 6. HP: 37/38 MP: 6/6
  3229 | D:3      | Found a shadowy altar of Dithmenos.
  3734 | D:4      | Reached skill level 5 in Axes
  3734 | D:4      | Reached skill level 1 in Stealth
  4007 | D:4      | Found a staircase to the Ecumenical Temple.
  4132 | D:4      | Noticed a slave
  4133 | D:4      | Noticed Pikel
  4133 | D:4      | Noticed a slave
  4134 | D:4      | Noticed a slave
  4135 | D:4      | Noticed a slave
  4147 | D:4      | Slain by a slave

Skill      XL: |  1  2  3  4  5  6 |
---------------+-------------------+-----
Axes           | 3 4 5 |  5.1
Fighting       | 4 |  4.5
Dodging        | 2 3 |  3.0
Stealth        | 1 |  1.1
Armour         | |  2.3

Action                   |  1- 3 |  4- 6 || total
-------------------------+-------+-------++-------
Melee: Hand axe          |    82 |   211 ||   293
Invok: Berserk           |     1 |     4 ||     5
  Eat: Chunk             |     2 |    12 ||    14
Armor: Animal skin       |    41 |    73 ||   114
Dodge: Dodged            |    81 |   150 ||   231
